Map: World of Sleepers LE

Players

Mez

  • Race: Terran Terran
  • Spawn Location: 1:00

A.I. 1 (Very Easy) - Winner!

  • Race: Zerg Zerg
  • Spawn Location: 7:00

VOD

Have the link to the VOD?

Description

Time

  • Played on: Aug. 20, 2019, 5:07 p.m.
  • Length: 12:26
Show
View Real Time Build Order
Export as new Build Order

Mez Terran 

Build Orders: Reaper Expand 

Get SALT Encoding   

  12  0:01  SCV  
  13  0:13  SCV  
  14  0:20  Supply Depot  
  14  0:25  SCV  
  15  0:41  SCV  
  16  0:44  Barracks  
  16  0:47  Refinery  
  16  0:53  SCV  
  17  1:05  SCV  
  18  1:17  SCV  
  19  1:31  Reaper  
  19  1:32  Orbital Command  
  20  1:40  Command Center  
  20  1:53  Supply Depot  
  20  2:00  SCV  
  21  2:04  Bunker, Barracks Reactor  
  21  2:12  SCV  
  22  2:26  Command Center  
  22  2:29  SCV  
  23  2:43  Marine x2, SCV  
  26  2:48  Factory  
  26  2:57  SCV  
  28  2:59  Orbital Command  
  27  3:09  Marine x2  
  28  3:13  SCV, Refinery  
  29  3:26  SCV  
  30  3:28  SCV  
  30  3:30  Marine  
  30  3:31  Marine  
  33  3:34  Widow Mine  
  33  3:36  Starport  
  33  3:38  SCV  
  33  3:40  SCV  
  37  3:42  Orbital Command  
  37  3:47  Refinery  
  37  3:48  Marine  
  37  3:49  Marine  
  37  3:50  SCV  
  41  3:55  SCV  
  41  3:59  Factory Tech Lab  
  41  4:02  SCV  
  42  4:06  Marine  
  42  4:07  Marine, SCV  
  45  4:11  SCV  
  45  4:14  SCV  
  45  4:16  Starport Tech Lab  
  47  4:19  Siege Tank, SCV  
  47  4:23  SCV  
  52  4:24  Marine  
  52  4:25  Marine  
  52  4:26  SCV  
  52  4:27  Supply Depot  
  55  4:32  SCV  
  55  4:35  SCV, Raven  
  59  4:38  SCV  
  59  4:42  Barracks  
  59  4:45  SCV  
  61  4:46  Barracks  
  61  4:48  SCV  
  61  4:50  SCV, Refinery  
  63  4:54  Marine  
  63  4:55  Siege Tank  
  67  5:02  SCV x2  
  69  5:19  Supply Depot  
  69  5:21  Supply Depot  
  69  5:30  Starport Reactor  
  69  5:34  Engineering Bay  
  69  5:35  Engineering Bay  
  69  5:36  Stimpack  
  69  5:40  Marine x2  
  69  5:41  SCV x3, Marauder  
  76  5:43  Combat Shield  
  76  5:44  Barracks  
  76  5:45  Barracks, Marauder, Factory Reactor  
  78  5:55  Supply Depot, Orbital Command  
  78  5:58  Marine x2, Supply Depot  
  78  5:59  Supply Depot  
  78  6:02  Marauder  
  82  6:06  Marauder  
  84  6:16  Marine  
  84  6:17  Marine, Medivac x2, Terran Infantry Weapons Level 1  
  90  6:21  Terran Infantry Armor Level 1  
  90  6:24  Marauder  
  93  6:25  SCV x3  
  93  6:28  Marauder  
  97  6:34  Marine  
  97  6:37  SCV  
  97  6:38  Marine, SCV x2, Barracks Reactor, Barracks Tech Lab  
  102  6:41  Supply Depot  
  102  6:42  Supply Depot  
  102  6:44  Marine, Supply Depot  
  103  6:49  SCV  
  103  6:50  SCV x2  
  103  6:53  Marine  
  103  6:54  Marauder  
  109  7:03  Marine, Marauder x2, SCV, Medivac  
  109  7:04  Medivac  
  109  7:05  Refinery  
  119  7:09  Supply Depot x3  
  119  7:11  Marine  
  120  7:16  Marine  
  120  7:17  Marine, Marauder  
  120  7:19  Widow Mine x2  
  120  7:20  Marine  
  129  7:23  SCV x3  
  132  7:30  Marauder  
  132  7:36  Marine x3, Marauder  
  139  7:38  Marauder  
  139  7:42  Barracks  
  139  7:43  Barracks  
  141  7:45  Barracks  
  141  7:46  Armory  
  141  7:47  Supply Depot  
  141  7:48  SCV x3, Supply Depot x2  
  141  7:49  Refinery  
  144  8:05  Marine x4, Marauder x3  
  154  8:14  Medivac x2  
  154  8:17  SCV x2  
  160  8:23  Marine x3, Supply Depot  
  160  8:25  Supply Depot  
  160  8:26  Marauder x2  
  167  8:43  Marine x4, Marauder  
  167  8:48  Marauder  
  175  9:00  Barracks Reactor, Barracks Tech Lab  
  175  9:01  Barracks Tech Lab  
  175  9:04  Terran Infantry Armor Level 2, Terran Infantry Weapons Level 2  
  175  9:07  Ghost Academy  
  175  9:40  Barracks Tech Lab  
  175  9:41  Barracks Reactor  
  175  9:45  Ghost x5  
  185  10:37  Enhanced Shockwaves  
  185  11:30  Ghost  
  185  11:31  Ghost x4  
Show
View Real Time Build Order
Export as new Build Order

A.I. 1 (Very Easy) Zerg - Winner!

Build Orders: Pool First 

Get SALT Encoding   

  12  0:01  Drone  
  13  0:12  Overlord  
  13  0:16  Drone  
  14  0:35  Spawning Pool  
  13  0:36  Extractor  
  13  0:39  Drone  
  13  0:47  Drone  
  14  0:52  Overlord  
  14  1:22  Zergling x2  
  14  1:23  Queen  
  17  1:31  Roach Warren  
  16  1:34  Drone  
  16  1:38  Extractor  
  16  1:41  Zergling x2  
  16  1:43  Drone  
  18  1:55  Drone  
  18  2:00  Zergling x2  
  20  2:06  Drone  
  21  2:17  Drone  
  22  2:28  Drone  
  22  2:29  Overlord  
  23  2:35  Drone  
  24  2:42  Drone  
  25  5:52  Lair, Drone  
  26  5:59  Drone  
  27  6:06  Drone  
  28  6:13  Drone  
  28  6:14  Overlord  
  29  6:20  Drone  
  29  6:22  Zergling x2  
  28  6:46  Zergling x2  
  29  6:52  Overseer  
  29  6:53  Overseer  
  29  6:54  Spire  
  28  7:09  Zergling x2  
  29  7:16  Hatchery  
  28  8:05  Zergling x2  
  29  8:20  Hatchery  
  28  8:28  Mutalisk  
  29  8:48  Hatchery  
  28  8:57  Roach  
  30  9:26  Zergling x2  
  31  9:54  Zergling x2  
  32  10:00  Drone  
  33  10:08  Drone  
  33  10:10  Extractor  
  33  10:14  Extractor  
  32  10:15  Overseer, Drone  
  32  10:16  Overlord  
  33  10:22  Drone  
  33  10:23  Roach  
  36  10:29  Drone  
  37  10:36  Drone  
  38  10:44  Drone  
  39  10:51  Mutalisk, Pneumatized Carapace  
  39  10:52  Drone  
  39  10:53  Overlord, Overseer  
  42  10:59  Drone  
  43  11:06  Drone  
  44  11:13  Drone  
  44  11:16  Overseer  
  44  11:17  Mutalisk, Overlord  
  47  11:20  Drone  
  46  11:28  Drone  
  40  11:35  Drone  
  40  11:40  Mutalisk  
  40  11:42  Drone  
  40  11:45  Overseer  
  32  11:49  Drone  
  33  11:56  Drone  
  34  12:03  Drone  
  34  12:04  Zergling x2  
  36  12:11  Drone  
  36  12:13  Overseer  
Tags
 
Add a new tag
Caveats
  • Supply blocks, unpowered buildings, or Contaminate may cause inaccurate times.
  • Supply counts are checked every 10 seconds.